Map: Prion Terraces

Players

MorN - Winner!

  • Race: Terran Terran
  • League: Master

Mariuslol

  • Race: Zerg Zerg
  • League: Master

VOD

Have the link to the VOD?

Description

Time

  • Played on: Nov. 22, 2015, 4 a.m.
  • Length: 12:01
Show
View Real Time Build Order
Export as new Build Order

MorN Terran - Winner!

Build Orders: Reaper Expand 

Get SALT Encoding   

  12  0:00  SCV  
  13  0:13  SCV  
  14  0:17  Supply Depot  
  14  0:25  SCV  
  15  0:39  SCV, Barracks  
  16  0:44  Refinery  
  16  0:51  SCV  
  17  1:03  SCV  
  18  1:15  SCV  
  19  1:27  Orbital Command  
  19  1:28  Reaper  
  20  1:39  Command Center  
  21  1:54  SCV  
  21  2:04  Barracks Reactor  
  21  2:09  SCV  
  21  2:13  Command Center  
  22  2:21  SCV  
  22  2:22  Supply Depot  
  23  2:35  Factory  
  23  2:47  Marine x2  
  23  2:48  SCV  
  23  2:50  Refinery  
  26  2:55  Orbital Command  
  26  3:02  SCV  
  26  3:05  Marine x2  
  29  3:15  SCV  
  30  3:22  Marine x2  
  30  3:26  SCV  
  34  3:27  SCV  
  34  3:30  Orbital Command  
  33  3:37  Starport  
  33  3:39  Factory Tech Lab  
  33  3:40  Marine x2  
  35  3:53  SCV x2  
  37  4:02  Siege Tank, Bunker, Marine x2  
  42  4:04  SCV  
  42  4:07  SCV  
  44  4:10  SCV  
  44  4:14  Medivac  
  44  4:16  SCV  
  48  4:19  SCV  
  48  4:21  Marine x2  
  48  4:24  SCV  
  52  4:28  SCV  
  52  4:31  SCV  
  54  4:32  Supply Depot  
  57  4:45  SCV, Barracks  
  55  4:46  Barracks  
  55  4:49  SCV x2  
  55  4:50  Factory Reactor  
  57  4:54  Combat Shields  
  57  4:55  Supply Depot  
  57  4:57  SCV  
  57  4:58  Engineering Bay  
  58  5:00  Engineering Bay  
  58  5:01  SCV  
  58  5:06  Marine  
  60  5:08  SCV, Starport Reactor  
  60  5:10  SCV, Refinery  
  60  5:11  Refinery  
  60  5:13  SCV  
  62  5:20  SCV  
  63  5:23  SCV, Barracks  
  63  5:24  Barracks  
  63  5:25  Terran Infantry Weapons Level 1  
  63  5:27  Terran Infantry Armor Level 1  
  64  5:29  SCV  
  64  5:32  Supply Depot  
  64  5:35  Supply Depot  
  65  5:38  SCV x2  
  65  5:41  SCV  
  65  5:42  Supply Depot, Marine  
  69  5:49  Factory Reactor  
  69  5:50  Medivac x2  
  69  5:52  Marine x3  
  69  5:56  Orbital Command, Marine  
  77  5:58  SCV x2  
  77  6:00  Marine  
  80  6:10  SCV, Marine x2  
  83  6:14  Marine  
  83  6:16  Barracks Reactor x2  
  84  6:19  Marine x2  
  84  6:20  Medivac  
  84  6:21  Medivac  
  84  6:24  SCV  
  91  6:28  Marine  
  91  6:31  Marine  
  91  6:32  Marine  
  94  6:35  SCV  
  94  6:36  Armory  
  94  6:37  Marine x2  
  94  6:38  Widow Mine x2  
  101  6:51  Supply Depot  
  101  6:53  Supply Depot  
  101  6:54  Supply Depot  
  101  6:55  Supply Depot  
  101  6:57  Supply Depot x2  
  101  6:58  Supply Depot  
  101  7:02  Supply Depot  
  101  7:12  Marine x8  
  101  7:14  SCV x3, Medivac x2, Marine  
  117  7:26  Command Center, SCV x2  
  119  7:30  Marine x5  
  119  7:31  SCV, Stimpack  
  119  7:33  Refinery  
  119  7:34  Marauder, Refinery, Marine x3  
  130  7:38  SCV  
  130  7:39  Terran Infantry Weapons Level 2  
  131  7:49  Marine x3  
  131  7:50  Terran Infantry Armor Level 2  
  133  7:56  Marine x3, Marauder  
  138  8:01  SCV  
  138  8:04  Supply Depot x2, Widow Mine, Barracks x2, Marine x2  
  138  8:05  Barracks  
  143  8:07  Marine x2  
  145  8:13  Marine  
  145  8:14  Marine  
  145  8:17  Marauder  
  149  8:29  Marine x4  
  149  8:33  Widow Mine, Marine x2  
  149  8:34  Supply Depot, Medivac x2  
  161  8:35  Terran Vehicle Weapons Level 1  
  161  8:37  Supply Depot, Marine x2  
  161  8:38  Marauder  
  165  8:47  Marine x4  
  169  8:50  Barracks Tech Lab, Marine  
  169  8:51  Barracks Tech Lab, Marine  
  169  8:52  Barracks Reactor  
  169  8:54  Marine x2  
  173  8:59  Supply Depot  
  173  9:00  Marauder  
  175  9:03  Widow Mine  
  175  9:04  Marine  
  175  9:05  Marine x3  
  175  9:08  Marine x2  
  183  9:12  Missile Turret, Marine x2  
  183  9:18  Marine x2  
  183  9:21  Marauder  
  183  9:22  Supply Depot, Marine, Planetary Fortress  
  183  9:25  Marine x3  
  183  9:26  Marine  
  183  9:27  Marine  
  183  9:37  Marauder x2  
  187  9:39  Refinery  
  187  9:41  Refinery  
  187  9:43  Marauder  
  189  9:49  Marine x3  
  192  9:54  Marine x2  
  192  9:56  Marine  
  192  9:57  Marine  
  192  9:58  Marauder x2, Marine x2  
  200  10:13  Marine  
  200  10:14  Marine  
  193  10:15  Marauder  
  193  10:19  Marauder x2  
  187  10:21  Marine x2  
  187  10:23  Marine x3  
  187  10:24  Marine x2  
  187  10:26  Marine  
  195  10:31  Marine  
  195  10:32  Marine  
  195  10:34  Medivac  
  199  10:39  Marine  
  200  10:46  Marine  
  200  10:49  Marine  
  200  10:56  Ghost Academy  
  196  11:04  Marine x2  
  196  11:05  Marine  
  196  11:06  Marauder  
  200  11:32  Command Center  
  200  11:33  Command Center  
  200  11:35  Command Center  
Show
View Real Time Build Order
Export as new Build Order

Mariuslol Zerg 

Build Orders: Hatch First 

Get SALT Encoding   

  12  0:00  Drone  
  13  0:14  Overlord  
  13  0:20  Drone  
  14  0:33  Drone x2  
  16  0:36  Drone  
  17  0:49  Drone  
  18  0:57  Hatchery  
  18  1:00  Drone  
  18  1:03  Extractor  
  17  1:15  Spawning Pool  
  17  1:17  Drone  
  17  1:21  Drone  
  18  1:31  Drone  
  19  1:43  Overlord  
  19  2:08  Metabolic Boost  
  19  2:10  Zergling x2  
  19  2:11  Queen x2, Zergling x2  
  19  2:15  Drone x2  
  27  2:28  Extractor  
  26  2:31  Spore Crawler, Zergling x2  
  26  2:39  Drone x2  
  31  2:44  Drone x2  
  32  2:55  Hatchery  
  32  2:57  Drone x3  
  33  3:04  Overlord  
  33  3:07  Queen  
  35  3:14  Drone  
  36  3:23  Drone  
  36  3:24  Drone x7  
  43  3:32  Drone  
  43  3:33  Extractor  
  42  3:50  Overlord  
  42  3:51  Drone x2  
  44  3:57  Extractor  
  44  3:58  Extractor  
  44  3:59  Lair  
  44  4:00  Drone x3, Roach Warren  
  44  4:03  Overlord  
  44  4:10  Drone x2  
  44  4:11  Hatchery, Drone x2  
  47  4:18  Zergling x8  
  47  4:19  Zergling x2  
  52  4:24  Zergling x2  
  52  4:29  Queen  
  55  4:33  Drone  
  55  4:34  Drone x2  
  58  4:41  Spore Crawler  
  58  4:44  Drone x3  
  58  4:45  Drone x2  
  62  4:53  Overlord, Drone x2  
  62  4:54  Drone  
  65  5:04  Overlord  
  65  5:05  Drone  
  66  5:09  Extractor x2  
  66  5:10  Spore Crawler  
  63  5:16  Overlord  
  63  5:17  Drone x4  
  66  5:21  Roach x3  
  72  5:33  Drone x5  
  72  5:34  Drone x3  
  80  5:43  Overlord  
  80  5:47  Drone x7, Spore Crawler  
  86  5:59  Overlord, Spine Crawler  
  86  6:00  Roach x4  
  93  6:07  Spine Crawler  
  93  6:08  Spine Crawler  
  91  6:13  Roach x3, Extractor  
  91  6:14  Glial Reconstitution, Roach, Extractor  
  91  6:17  Ravager x2  
  91  6:18  Ravager  
  100  6:19  Overseer  
  100  6:23  Overlord x3  
  100  6:36  Overlord  
  100  6:38  Roach x3  
  106  6:41  Evolution Chamber x2  
  106  6:42  Infestation Pit  
  106  6:43  Drone x2  
  106  6:45  Drone x4  
  109  6:49  Overlord  
  109  6:52  Roach  
  109  6:53  Ravager x5  
  109  6:54  Ravager x2  
  118  6:55  Roach x3  
  118  6:56  Roach  
  118  7:00  Burrow  
  126  7:08  Overlord x2  
  126  7:09  Zerg Ground Armor Level 1, Zerg Melee Weapons Level 1  
  126  7:13  Ravager  
  126  7:14  Ravager x3  
  126  7:15  Overseer  
  129  7:23  Spine Crawler  
  129  7:24  Spine Crawler  
  129  7:25  Drone  
  129  7:26  Drone x4  
  129  7:27  Spine Crawler  
  129  7:29  Spine Crawler  
  129  7:33  Spine Crawler  
  129  7:35  Overlord, Zergling x2  
  129  7:36  Spine Crawler, Zergling x2  
  126  7:48  Spire  
  122  7:54  Spine Crawler  
  122  7:55  Drone x3, Spore Crawler  
  122  7:56  Spine Crawler  
  122  8:09  Zergling x10  
  122  8:11  Hive  
  122  8:12  Pneumatized Carapace  
  127  8:22  Spine Crawler  
  127  8:25  Spine Crawler  
  123  8:38  Hatchery  
  122  8:47  Overlord x4  
  123  8:48  Zergling x6  
  123  8:49  Zergling x14  
  123  8:50  Roach  
  134  9:00  Spore Crawler, Spine Crawler  
  134  9:01  Spine Crawler  
  131  9:03  Corruptor x4  
  139  9:11  Corruptor  
  139  9:13  Zerg Melee Weapons Level 2  
  138  9:19  Zerg Ground Armor Level 2  
  138  9:37  Adrenal Glands  
  138  9:38  Ultralisk Cavern  
  137  9:39  Zerg Flyer Weapons Level 1  
  137  9:42  Corruptor  
  137  9:43  Corruptor x2  
  143  9:47  Zergling x2  
  143  9:48  Zergling x6  
  143  9:52  Extractor  
  140  9:56  Zergling x12  
  140  9:57  Zergling x2  
  146  10:04  Zergling x4  
  146  10:06  Zergling x2  
  149  10:08  Zergling x10  
  149  10:12  Zergling x6  
  144  10:19  Zergling x12  
  144  10:21  Zergling x2  
  89  10:26  Zergling x8  
  80  10:33  Chitinous Plating  
  69  10:52  Ultralisk  
Tags
 
Add a new tag
Caveats
  • Supply blocks, unpowered buildings, or Contaminate may cause inaccurate times.
  • Supply counts are checked every 10 seconds.